 Dungeon Crawl Stone Soup version 0.27.0-1-g7a089689b8 (webtiles) character file.

Game seed: 8686208977883440268

144679 GordonOverkill the Fighter (level 17, -2/130 HPs)
             Began as an Octopode Arcane Marksman on Aug 11, 2021.
             Was a High Priest of Ashenzari.
             Slain by an 11-headed hydra (12 damage)
             ... summoned by Bai Suzhen
             ... on level 4 of the Spider Nest.
             The game lasted 01:53:47 (47690 turns).

GordonOverkill the Fighter (OpAM)                  Turns: 47690, Time: 01:53:48

Health: -2/130     AC:  6    Str: 10    XL:     17   Next: 40%
Magic:  53/53      EV: 19    Int: 31    God:    Ashenzari [*****.]
Gold:   1081       SH: 15    Dex: 17    Spells: 25/45 levels left

rFire    + . .     SeeInvis +   m - +4 short sword "Elitism of Ashenzari" {vamp, rN+ Int+7, Alch, Elem} (curse)
rCold    . . .     Faith    .   d - +2 kite shield {AC+3}
rNeg     + + .     Spirit   .   P - +2 hat of Ouranomancy {Int+3, Bglg, Evo} (curse)
rPois    +         Reflect  .   e - amulet of magic regeneration
rElec    +         Harm     .   b - ring "Eternal Together" {rF+, Self, Bglg} (curse)
rCorr    .         Rampage  .   g - ring of Ashenzari's Orthodoxy {MP+9, Melee, Alch} (curse)
Will     +++..     Clarity  +   i - ring of the Shattered Anxiety {MP+9, Bglg, Comp} (curse)
Stlth    +++.......             r - ring of the Esoteric Failure {rElec rN+ Will++ Dex-2, Bglg, Elem} (curse)
HPRegen  0.31/turn              y - ring "Shackled Affliction" {Dex+6, Alch, Evo} (curse)
MPRegen  0.58/turn              B - ring "Circumscribed the Ego" {EV+4, Cun, Evo} (curse)
                                A - ring of the Unyielding Gaze {Wiz, Cun, Bglg} (curse)
                                K - ring of Ashenzari's Sorrow {rPois, Fort, Self} (curse)

@: no status effects
A: almost no armour, amphibious, 8 rings, camouflage 1, gelatinous body 1,
(nimble swimmer 1), tentacles
a: Renounce Religion, Curse Item, Shatter the Chains


You were on level 4 of the Spider Nest.
You worshipped Ashenzari.
Ashenzari was extremely pleased with you.
You visited 5 branches of the dungeon, and saw 28 of its levels.

You collected 2969 gold pieces.
You spent 1888 gold pieces at shops.

Inventory:

Hand Weapons
 m - the cursed +4 short sword "Elitism of Ashenzari" (weapon) {vamp, rN+ Int+7, Alch, Elem}
   (You took it off an orc warrior on level 8 of the Dungeon)

   It occasionally heals its wielder for a portion of the damage dealt when it
   wounds a living foe.
   Int:       It affects your intelligence (+7).
   rN:        It protects you from negative energy.
   It has a curse which improves the following skills: Alchemy: Poison Magic and
   Transmutations.
   Elements:  Fire Magic, Ice Magic, Air Magic and Earth Magic.
 p - a +3 dagger
Missiles
 h - 9 javelins
 o - a silver boomerang (quivered)
 t - 43 boomerangs
 I - 6 curare-tipped darts
Armour
 d - a +2 kite shield of protection (worn)
 P - the cursed +2 hat of Ouranomancy (worn) {Int+3, Bglg, Evo}
   (You acquired it on level 4 of the Lair of Beasts)

   It has a curse which improves the following skills: Beguiling: Conjurations,
   Hexes and Translocations.
   Evocations: Evocations.
Jewellery
 a - a ring of protection from fire
 b - the cursed ring "Eternal Together" (left tentacle) {rF+, Self, Bglg}
   (You found it on level 1 of the Dungeon)

   [ring of protection from fire]

   rF:        It protects you from fire.
   It has a curse which improves the following skills: Introspection: Fighting
   and Spellcasting.
   Beguiling: Conjurations, Hexes and Translocations.
 e - an amulet of magic regeneration (around mantle)
 g - the cursed ring of Ashenzari's Orthodoxy (right tentacle) {MP+9, Melee, Alch}
   (You found it on level 1 of the Dungeon)

   [ring of magical power]

   MP:        It affects your magic capacity (+9).
   It has a curse which improves the following skills: Melee Combat: Short
   Blades, Long Blades, Axes, Maces & Flails, Polearms, Staves and Unarmed
   Combat.
   Alchemy:   Poison Magic and Transmutations.
 i - the cursed ring of the Shattered Anxiety (on tentacle) {MP+9, Bglg, Comp}
   (You took it off a hobgoblin on level 1 of the Dungeon)

   [ring of magical power]

   MP:        It affects your magic capacity (+9).
   It has a curse which improves the following skills: Beguiling: Conjurations,
   Hexes and Translocations.
   Companions: Summonings and Necromancy.
 r - the cursed ring of the Esoteric Failure (on tentacle) {rElec rN+ Will++ Dex-2, Bglg, Elem}
   (You found it on level 9 of the Dungeon)

   [ring of positive energy]

   Dex:       It affects your dexterity (-2).
   rElec:     It insulates you from electricity.
   rN:        It protects you from negative energy.
   Will:      It greatly increases your willpower.
   It has a curse which improves the following skills: Beguiling: Conjurations,
   Hexes and Translocations.
   Elements:  Fire Magic, Ice Magic, Air Magic and Earth Magic.
 y - the cursed ring "Shackled Affliction" (on tentacle) {Dex+6, Alch, Evo}
   (You found it on level 10 of the Dungeon)

   [ring of dexterity]

   Dex:       It affects your dexterity (+6).
   It has a curse which improves the following skills: Alchemy: Poison Magic and
   Transmutations.
   Evocations: Evocations.
 A - the cursed ring of the Unyielding Gaze (on tentacle) {Wiz, Cun, Bglg}
   (You found it on level 10 of the Dungeon)

   [ring of wizardry]

   It improves your spell success rate.
   It has a curse which improves the following skills: Cunning: Dodging and
   Stealth.
   Beguiling: Conjurations, Hexes and Translocations.
 B - the cursed ring "Circumscribed the Ego" (on tentacle) {EV+4, Cun, Evo}
   (You found it on level 11 of the Dungeon)

   [ring of evasion]

   EV:        It affects your evasion (+4).
   It has a curse which improves the following skills: Cunning: Dodging and
   Stealth.
   Evocations: Evocations.
 K - the cursed ring of Ashenzari's Sorrow (on tentacle) {rPois, Fort, Self}
   (You found it on level 2 of the Lair of Beasts)

   [ring of poison resistance]

   rPois:     It protects you from poison.
   It has a curse which improves the following skills: Fortitude: Shields.
   Introspection: Fighting and Spellcasting.
 M - an amulet of regeneration
 Y - a +6 ring of intelligence
Wands
 s - a wand of mindburst (41)
 C - a wand of paralysis (5)
 D - a wand of flame (93)
 G - a wand of polymorph (20)
 Q - a wand of acid (6)
 S - a wand of digging (7)
 T - a wand of charming (16)
 V - a wand of iceblast (18)
Scrolls
 c - 3 scrolls of vulnerability
 f - a scroll of holy word
 k - 2 scrolls of enchant weapon
 l - 8 scrolls of teleportation
 n - 4 scrolls of magic mapping
 x - 4 scrolls of amnesia
 F - a scroll of fear
 N - a scroll of silence
 W - a scroll of blinking
Potions
 j - 6 potions of brilliance
 q - 2 potions of haste
 u - 4 potions of might
 v - 3 potions of berserk rage
 w - 2 potions of ambrosia
 z - 4 potions of mutation
 H - 6 potions of heal wounds
 J - 2 potions of lignification
 L - 2 potions of flight
 O - 9 potions of curing
 R - 2 potions of resistance
Miscellaneous
 E - a box of beasts (inert)
 U - a phantom mirror
 X - a lightning rod (4/4)


   Skills:
 - Level 12.9(16.5) Fighting
 - Level 5.0(7.6) Short Blades
 - Level 3.0 Throwing
 - Level 2.0(5.0) Dodging
 + Level 12.6(14.9) Shields
 + Level 11.1(14.8) Spellcasting
 * Level 12.2(19.1) Conjurations
 - Level 5.0(11.8) Hexes
 - Level 5.7(9.7) Fire Magic
 + Level 8.6(12.5) Ice Magic
 + Level 8.8(12.7) Air Magic
 - Level 5.7(9.7) Earth Magic
 - Level 6.4(11.5) Evocations


You had 25 spell levels left.
You knew the following spells:

 Your Spells              Type           Power      Damage    Failure   Level
a - Bolt of Magma         Conj/Fire/Erth 40%        4d17      1%          5
b - Slow                  Hex            77%        N/A       0%          2
c - Cause Fear            Hex            38%        N/A       1%          4
d - Freezing Cloud        Conj/Ice/Air   42%        6-21      1%          5
e - Airstrike             Air            40%        N/A       1%          4

Your spell library contained the following spells:

 Spells                   Type           Power      Damage    Failure   Level
 Corona                   Hex            85%        N/A       0%          1
 Freeze                   Ice            100%       1d11      0%          1
 Magic Dart               Conj           100%       1d8       0%          1
 Ensorcelled Hibernation  Hex/Ice        100%       N/A       0%          2
 Searing Ray              Conj           100%       3d7       0%          2
 Dazzling Flash           Conj/Hex       100%       N/A       0%          3
 Sandblast                Erth           100%       2d20      1%          1
 Corpse Rot               Necr/Air       N/A        N/A       1%          2
 Passwall                 Tmut/Erth      45%        N/A       1%          2
 Poisonous Vapours        Pois/Air       100%       N/A       1%          2
 Confusing Touch          Hex            77%        N/A       1%          3
 Frozen Ramparts          Ice            100%       1d12      1%          3
 Gell's Gravitas          Tloc           15%        N/A       1%          3
 Ignite Poison            Fire/Tmut/Pois 46%        N/A       1%          3
 Inner Flame              Hex/Fire       74%        N/A       1%          3
 Lesser Beckoning         Tloc           15%        N/A       1%          3
 Mephitic Cloud           Conj/Pois/Air  74%        N/A       1%          3
 Ozocubu's Armour         Ice            79%        N/A       1%          3
 Portal Projectile        Hex/Tloc       100%       N/A       1%          3
 Spider Form              Tmut/Pois      14%        N/A       1%          3
 Teleport Other           Tloc           30%        N/A       1%          3
 Tukima's Dance           Hex            77%        N/A       1%          3
 Fulminant Prism          Conj/Hex       43%        3d20      1%          4
 Hailstorm                Conj/Ice       88%        3d18      1%          4
 Leda's Liquefaction      Hex/Erth       37%        N/A       1%          4
 Summon Lightning Spire   Summ/Air       59%        N/A       1%          4
 Lee's Rapid Deconstruct  Erth           35%        3d19*     1%          5
 Lightning Bolt           Conj/Air       44%        1d63      1%          5
 Silence                  Hex/Air        39%        N/A       1%          5
 Call Canine Familiar     Summ           25%        N/A       2%          3
 Vampiric Draining        Necr           12%        2d7       2%          3
 Ozocubu's Refrigeration  Ice            39%        4d12      4%          7
 Statue Form              Tmut/Erth      36%        N/A       14%         6
 Agony                    Necr           25%        N/A       19%         5
 Maxwell's Capacitive Co  Air            40%        ∞         28%         8
 Storm Form               Tmut/Air       30%        N/A       38%         7
 Shadow Creatures         Summ           N/A        N/A       69%         6


Dungeon Overview and Level Annotations

Branches:
Dungeon (15/15)            Temple (1/1) D:6            Lair (6/6) D:8
  Swamp (0/4) Lair:4       Spider (4/4) Lair:4        Slime (0/5) Lair:6
    Orc (2/2) D:10            Elf (0/3) Orc:2        Vaults (0/5) D:13
 Depths: D:15

Altars:
Ashenzari
Cheibriados
Fedhas
Gozag
Kikubaaqudgha
Makhleb
Nemelex Xobeh
Qazlal
Sif Muna
Uskayaw
Vehumet
Yredelemnul
The Shining One

Shops:
D:2 !   D:6 ?[[[   D:12 [   Orc:2 *[[*

Annotations:
D:10 2 runed translucent doors, exclusion: door, Nergalle
D:13 Jorgrun
D:14 Agnes, Roxanne
Lair:6 2 runed translucent doors
Spider:4 Aizul, Bai Suzhen


Innate Abilities, Weirdness & Mutations

You cannot wear most types of armour.
You are amphibious.
You can wear up to eight rings at the same time.
Your skin changes colour to match your surroundings (Stealth+).
Your rubbery body absorbs attacks. (AC +1, EV +1)
((You are camouflaged near water. (Stealth+)))
You have tentacles for arms and can constrict up to eight enemies at once.


Message History

Bai Suzhen hits you with a +1 quarterstaff of speed!
Bai Suzhen tail-slaps you.
Bai Suzhen roars!
A redback comes into view.
You hear an angry hiss. x2
A tarantella comes into view.
Bai Suzhen roars!
An 11-headed hydra appears.
The 11-headed hydra bites you.
You block the 11-headed hydra's attack. x2
The 11-headed hydra misses you.
The 11-headed hydra completely misses you.
The 11-headed hydra barely misses you. The 11-headed hydra misses you.
The 11-headed hydra barely misses you. The 11-headed hydra bites you!
* * * LOW HITPOINT WARNING * * *
The 11-headed hydra closely misses you. The 11-headed hydra misses you.
You see here a demonic crawler corpse.
Bai Suzhen hits you with a +1 quarterstaff of speed!!
* * * LOW HITPOINT WARNING * * *
You block Bai Suzhen's attack. You block the 11-headed hydra's attack.
The 11-headed hydra barely misses you. The 11-headed hydra bites you.
* * * LOW HITPOINT WARNING * * *
You block the 11-headed hydra's attack. The 11-headed hydra barely misses you.
The 11-headed hydra closely misses you. The 11-headed hydra bites you!
* * * LOW HITPOINT WARNING * * *
The 11-headed hydra bites you.
* * * LOW HITPOINT WARNING * * *
The 11-headed hydra bites you.
* * * LOW HITPOINT WARNING * * *
The 11-headed hydra misses you. The 11-headed hydra bites you!
* * * LOW HITPOINT WARNING * * *
There is a stone staircase leading up, spattered with blood here.
You block Bai Suzhen's attack. x2; Bai Suzhen barely misses you. x2
You block the 11-headed hydra's attack.
The 11-headed hydra completely misses you.
The 11-headed hydra bites you!
* * * LOW HITPOINT WARNING * * *
The 11-headed hydra bites you!
* * * LOW HITPOINT WARNING * * *
The 11-headed hydra bites you!
You die...

* * , , ,, *,* * ,, * *
, ^ ,* , * *#,, , * , *
* * ##. * * ,^ * ,*, ,
***#..#####.. , ** *^,
*,.#....#^##^* ^,* , ,,
, * ^..#^...####.... *
#.#.##.@.#.^...*# ,, ,{
###..#Dd###... . ,** ,
#^#...sss#...#.#* * *
{{#....s^#^..#.### , ,
,^#####.D##.......#** **
{,.##..S#.#........* * *
,,,,##....##.#.......,^*
*,...###..#####.D..# ,
** *^#....^..###.#####*
,,


You could see Bai Suzhen (fast), Aizul, a 11-headed hydra (summoned), an
eight-headed hydra (summoned), 2 demonic crawlers, a tarantella and a redback.

Vanquished Creatures
  Arachne (Spider:3)
  2 orc warlords (Orc:1)
  2 entropy weavers
  2 ettins
  4 boulder beetles
  A catoblepas (D:13)
  8 hydras
  Erolcha (Orc:1)
  Erica (Lair:1)
  3 two-headed ogres
  3 centaur warriors
  A tengu warrior (D:14)
  A vampire mage (D:13)
  Urug (Lair:6)
  A skeletal warrior (D:13)
  A fire crab (Lair:6)
  A deep troll (D:13)
  A wizard (D:13)
  2 lindwurms (Lair:6)
  A necromancer (D:13)
  4 ugly things
  4 cyclopes
  12 orb spiders
  4 orc knights (Orc:2)
  3 orc sorcerers
  12 elephants
  15 wolf spiders
  A salamander (shapeshifter) (D:14)
  4 manticores
  5 black mambas
  2 molten gargoyles (Lair:6)
  A gargoyle (D:12)
  13 cane toads
  2 torpor snails
  12 demonic crawlers
  2 freezing wraiths (D:13)
  2 rime drakes (Lair:4)
  11 komodo dragons
  4 trolls
  3 polar bears
  18 jumping spiders
  A meliai (D:13)
  Grinder (D:6)
  Prince Ribbit (D:7)
  13 blink frogs
  2 hornets
  6 dream sheep (Lair:6)
  7 slime creatures (D:13)
  A shadow (D:13)
  64 redbacks
  19 yaks
  A vampire (D:10)
  A spriggan (shapeshifter) (D:13)
  30 tarantellas
  9 wyverns
  4 basilisks
  2 wraiths (D:13)
  4 vampire mosquitoes
  A redback simulacrum (D:14)
  A swamp worm (Lair:4)
  2 acid dragons
  5 wargs
  13 water moccasins
  5 hell hounds (Lair:6)
  A floating eye (shapeshifter) (D:14)
  39 orc warriors
  6 black bears
  4 sky beasts
  6 boggarts
  10 ogres
  15 wolves
  22 centaurs
  A phantom (D:4)
  A kobold brigand (D:8)
  9 bullfrogs
  9 scorpions
  A water moccasin zombie (D:5)
  2 wyvern skeletons
  7 wights
  8 killer bees
  An electric eel (Lair:6)
  5 lava snakes (Lair:6)
  3 centaur zombies
  A bullfrog zombie (D:6)
  A gnoll shaman (D:9)
  A hound (D:7)
  16 orc priests
  2 jellies (Lair:6)
  Jessica (D:3)
  Ijyb (D:4)
  Natasha (thrice) (D:2)
  2 iguanas
  26 orc wizards
  A scorpion zombie (D:5)
  A hound zombie (D:5)
  A hound skeleton (D:4)
  A howler monkey zombie (D:4)
  An adder (D:6)
  4 gnolls (D:9)
  A shadow imp (D:7)
  2 white imps (D:7)
  An ufetubus (D:4)
  2 adder zombies (D:5)
  4 worms
  4 dart slugs
  74 orcs
  8 ball pythons
  5 bats
  10 endoplasms
  6 giant cockroaches
  11 goblins
  8 hobgoblins
  A jackal (D:2)
  11 kobolds
  4 quokkas
  A frilled lizard (D:3)
  A jackal skeleton (D:4)
  11 rats
743 creatures vanquished.

Vanquished Creatures (collateral kills)
  A ghost moth (Lair:4)
1 creature vanquished.

Vanquished Creatures (others)
  A water moccasin (Lair:6)
  36 fungi
  67 plants
104 creatures vanquished.

Grand Total: 848 creatures vanquished

Notes
Turn   | Place    | Note
-------+----------+-------------------------------------------
     0 | D:1      | GordonOverkill the Octopode Arcane Marksman began the quest
                  | for the Orb.
     0 | D:1      | Reached XP level 1. HP: 13/13 MP: 2/2
   143 | D:1      | Reached XP level 2. HP: 14/18 MP: 3/3
   697 | D:1      | Learned a level 2 spell: Slow
   828 | D:1      | Reached XP level 3. HP: 11/24 MP: 4/4
  1767 | D:2      | Found a faded altar of an unknown god.
  2000 | D:2      | Found Taemizeyt's Distillery.
  2043 | D:2      | Bought a potion of curing for 30 gold pieces
  2172 | D:2      | Noticed Natasha
  2179 | D:2      | Killed Natasha
  2180 | D:2      | Reached XP level 4. HP: 12/30 MP: 6/6
  2470 | D:2      | Noticed Natasha
  2530 | D:2      | Killed Natasha
  2588 | D:2      | Noticed Natasha
  2596 | D:2      | Killed Natasha
  2597 | D:2      | Reached XP level 5. HP: 18/36 MP: 8/8
  2747 | D:2      | Learned a level 4 spell: Cause Fear
  3239 | D:3      | Noticed Jessica
  3260 | D:3      | Killed Jessica
  3989 | D:4      | Reached XP level 6. HP: 22/42 MP: 9/9
  4313 | D:4      | Noticed Ijyb
  5870 | D:4      | Killed Ijyb
  5871 | D:4      | Reached XP level 7. HP: 26/48 MP: 11/11
  6059 | D:5      | Entered Level 5 of the Dungeon
  6082 | D:5      | Found a basalt altar of Yredelemnul.
  6650 | D:5      | Reached skill level 1 in Shields
  6796 | D:4      | Reached skill level 1 in Evocations
  7104 | D:5      | Reached skill level 5 in Hexes
  7312 | D:4      | Reached skill level 1 in Short Blades
  7735 | D:5      | Reached XP level 8. HP: 20/54 MP: 13/13
  8341 | D:5      | Found a burning altar of Makhleb.
  8352 | D:5      | Reached skill level 5 in Fighting
  9106 | D:6      | Found Jerchun's Antique Armour Shoppe.
  9326 | D:6      | Found Xiyrgh's Magic Scroll Emporium.
  9331 | D:6      | Found Wuogorio's Armour Shoppe.
  9891 | D:6      | Reached XP level 9. HP: 42/62 MP: 16/16
 10164 | D:6      | Noticed Grinder
 10172 | D:6      | Killed Grinder
 10173 | D:6      | Reached skill level 5 in Spellcasting
 10223 | D:6      | Found an opulent altar of Gozag.
 10474 | D:6      | Found Zuth's Armour Shop.
 10572 | D:6      | Found a staircase to the Ecumenical Temple.
 10749 | Temple   | Entered the Ecumenical Temple
 10852 | Temple   | Became a worshipper of Ashenzari the Shackled
 11098 | D:6      | Found a sparkling altar of Nemelex Xobeh.
 11330 | D:6      | Found Wuogorio's Armour Shoppe.
 11468 | D:6      | Found Xiyrgh's Magic Scroll Emporium.
 11501 | D:6      | Found Jerchun's Antique Armour Shoppe.
 11538 | D:6      | Found an opulent altar of Gozag.
 11591 | D:6      | Found a staircase to the Ecumenical Temple.
 11707 | D:6      | Found Zuth's Armour Shop.
 11739 | D:6      | Found a sparkling altar of Nemelex Xobeh.
 11871 | D:7      | Noticed Prince Ribbit
 11895 | D:7      | Killed Prince Ribbit
 11896 | D:7      | Reached skill level 5 in Evocations
 12543 | D:7      | Learned a level 5 spell: Bolt of Magma
 12774 | D:5      | Reached skill level 5 in Shields
 13353 | D:7      | Reached skill level 1 in Fire Magic
 13353 | D:7      | Reached XP level 10. HP: 68/69 MP: 18/18
 13438 | D:7      | Reached skill level 1 in Conjurations
 13438 | D:7      | Reached skill level 1 in Earth Magic
 13686 | D:8      | Reached XP level 11. HP: 29/85 MP: 19/19
 14683 | D:8      | Identified the +4 short sword "Ibbiabar" {vamp, rN+ Int+7}
 15286 | D:8      | Reached skill level 5 in Short Blades
 15589 | D:8      | Found a staircase to the Lair.
 16954 | D:9      | Identified the ring "Fohom" {rElec rN+ Will++ Dex-2}
 16974 | D:9      | Found a snail-covered altar of Cheibriados.
 18548 | D:9      | Found a snail-covered altar of Cheibriados.
 19173 | D:10     | Entered Level 10 of the Dungeon
 19176 | D:10     | Found a staircase to the Orcish Mines.
 19300 | D:10     | Reached * piety under Ashenzari
 19520 | D:10     | Noticed Nergalle
 19740 | D:10     | Identified a scroll of acquirement
 19806 | D:10     | Found a blossoming altar of Fedhas.
 20667 | D:10     | Found a large runed translucent door.
 20668 | D:10     | Found a large runed translucent door.
 20668 | D:10     | Noticed a centaur warrior
 22000 | D:11     | Noticed a brown ugly thing
 22539 | D:10     | Found a blossoming altar of Fedhas.
 22549 | D:10     | Found a staircase to the Orcish Mines.
 23095 | D:10     | Found a large runed translucent door.
 23096 | D:10     | Found a large runed translucent door.
 23568 | D:11     | Reached XP level 12. HP: 92/92 MP: 22/22
 24368 | D:11     | Noticed a two-headed ogre
 24421 | D:11     | Killed a two-headed ogre
 24886 | Lair:1   | Entered Level 1 of the Lair of Beasts
 24972 | Lair:1   | Reached ** piety under Ashenzari
 25277 | Lair:1   | Noticed Erica
 25889 | Lair:1   | Killed Erica
 26529 | Lair:2   | Reached *** piety under Ashenzari
 26717 | Lair:2   | Identified the +0 ring mail "Tyzxi" {rPois}
 27021 | Lair:3   | Reached skill level 5 in Fire Magic
 27077 | Lair:3   | Reached skill level 5 in Earth Magic
 27197 | Lair:3   | Reached skill level 5 in Conjurations
 27988 | Lair:3   | Reached XP level 13. HP: 102/102 MP: 26/26
 28490 | Lair:4   | Reached **** piety under Ashenzari
 28713 | Lair:4   | Reached skill level 1 in Ice Magic
 28764 | Lair:4   | Reached skill level 1 in Air Magic
 29089 | Lair:4   | Found a staircase to the Swamp.
 29469 | Lair:4   | Found a hole to the Spider Nest.
 29843 | Lair:4   | Acquired a +2 hat of intelligence
 29851 | Lair:4   | Acquired a +0 kite shield of protection
 30666 | Lair:5   | Learned a level 5 spell: Freezing Cloud
 30903 | Lair:6   | Entered Level 6 of the Lair of Beasts
 32427 | Lair:6   | Reached XP level 14. HP: 108/108 MP: 23/29
 32846 | Lair:6   | Found a staircase to the Slime Pits.
 32850 | Lair:6   | Noticed Urug
 32863 | Lair:6   | Killed Urug
 33510 | Lair:6   | Found a large runed translucent door.
 33510 | Lair:6   | Found a large runed translucent door.
 33539 | Lair:6   | Reached skill level 5 in Air Magic
 34014 | D:8      | Learned a level 4 spell: Airstrike
 34114 | D:12     | Reached skill level 5 in Ice Magic
 34234 | D:12     | Found Kixum's Armour Emporium.
 34980 | D:13     | Noticed Jorgrun
 35297 | D:13     | Found a gate to the Vaults.
 36064 | D:13     | Identified the +1 flail of Foc Sih {vorpal, rPois Int+7}
 36757 | D:13     | Reached XP level 15. HP: 114/114 MP: 30/30
 36813 | D:14     | Identified Roxanne's Grimoire of the Rocks
 36813 | D:14     | Noticed Roxanne
 37070 | D:14     | Reached XP level 16. HP: 120/120 MP: 30/31
 38022 | D:15     | Entered Level 15 of the Dungeon
 38024 | D:15     | Noticed Agnes
 38377 | Orc:1    | Entered Level 1 of the Orcish Mines
 38867 | Orc:1    | Reached skill level 10 in Spellcasting
 39468 | Orc:1    | Noticed Erolcha
 39482 | Orc:1    | Reached skill level 10 in Conjurations
 39497 | Orc:1    | Killed Erolcha
 39626 | Orc:2    | Entered Level 2 of the Orcish Mines
 39634 | Orc:2    | Reached ***** piety under Ashenzari
 41055 | Orc:2    | Found a staircase to the Elven Halls.
 41096 | Orc:2    | Found Ugge Cyi's Assorted Antiques.
 41100 | Orc:2    | Found Ehimp's Armour Shoppe.
 41100 | Orc:2    | Found Gowep's Armour Shop.
 41100 | Orc:2    | Found Etubo's Assorted Antiques.
 41110 | Orc:2    | Bought a scroll of enchant armour for 262 gold pieces
 41110 | Orc:2    | Bought a lightning rod (4/4) for 1050 gold pieces
 41116 | Orc:2    | Bought a potion of brilliance for 112 gold pieces
 41116 | Orc:2    | Bought a potion of curing for 84 gold pieces
 41116 | Orc:2    | Bought an ancient golden ring for 140 gold pieces
 41116 | Orc:2    | Identified the ring "Sifeiha" {Fly Stlth+} (You bought it
                  | in a shop on level 2 of the Orcish Mines)
 41116 | Orc:2    | Bought a potion of brilliance for 112 gold pieces
 41116 | Orc:2    | Bought a scroll of magic mapping for 98 gold pieces
 41656 | Spider:1 | Entered Level 1 of the Spider Nest
 45440 | Spider:2 | Reached XP level 17. HP: 130/130 MP: 35/35
 46764 | Spider:3 | Identified the +6 shortbow "Hyvophem" {freeze, rN++}
 47449 | Spider:3 | Noticed Arachne
 47462 | Spider:3 | Killed Arachne
 47610 | Spider:4 | Entered Level 4 of the Spider Nest
 47658 | Spider:4 | Noticed Bai Suzhen
 47676 | Spider:4 | Noticed Aizul
 47690 | Spider:4 | Slain by an 11-headed hydra

Illustrated notes

Levels and vault maps discovered:
D:1:      minmay_arrival_three_doors, layout_basic
D:2:      minmay_inner_zag, layout_basic, basic_ecumenical_altar, serial_shops,
          nicolae_square_shop, grunt_ministairs_15, uniq_natasha
D:3:      layout_basic, uniq_jessica
D:4:      layout_loops_ring, uniq_ijyb
D:5:      layout_basic, marbit_many_paths, nicolae_yredelemnul_corpse_copse,
          serial_bayou_pond_d, kennysheep_nub
D:6:      layout_rooms, nemelex_diamond_rough_becter,
          nicolae_gozag_seed_capital, temple_statues, serial_shops,
          nicolae_stop_n_shop_2, kennysheep_little_box, nicolae_stop_n_shop_2,
          shop, minmay_misc_feat_x, chequers_arboretum, uniq_grinder
D:7:      layout_basic, uniq_prince_ribbit1
D:8:      layout_basic, minmay_lair_entry_grove, minmay_door_square
D:9:      layout_basic, kennysheep_slug_shrine
D:10:     layout_stronghold, fedhas_altar_2, jmf_multi_god_temple2, david_orc_3,
          uniq_nergalle
D:11:     layout_loops_ring
D:12:     layout_roguey, serial_shops, shop
D:13:     four-leaf_vault, layout_gridville, david_vaults_4, nzn_life_drinkers,
          uniq_jorgrun
D:14:     layout_roguey, serial_bayou_pond_c, uniq_roxanne
D:15:     hangedman_depths_entry_civil_slaughter, layout_basic,
          chequers_serial_rivers_micro_c, serial_park_tiny_1,
          minmay_starry_boxes, uniq_agnes, uniq_nessos
Temple:   eino_temple_water
Lair:1:   layout_hall_layers, chequers_serial_rivers_room_b,
          eino_small_chamber_without_monster, nicolae_quartered_pool_little,
          serial_bayou_pond_b, uniq_erica
Lair:2:   layout_concentric_octagons
Lair:3:   layout_long_grid, minivault_19, infiniplex_staircase_pool_2
Lair:4:   layout_layer_cave, palyth_hydra_swamp_entry,
          nicolae_spider_entry_non_spiders, serial_forest,
          infiniplex_forest_straight_2, infiniplex_forest_clump_double,
          infiniplex_forest_straight_2, infiniplex_forest_fountain,
          infiniplex_forest_clump_tiny, infiniplex_forest_clump_tiny,
          infiniplex_forest_side_room, infiniplex_forest_clump_curved
Lair:5:   layout_loops_ring, lemuel_fruit_tree, grunt_megastairs_4
Lair:6:   cheibrodos_lair_end_hotspot, layout_big_grid,
          nicolae_slime_entry_slimehenge, serial_bayou_shore_a, uniq_urug
Spider:1: layout_spider_delve
Spider:2: layout_chambers, guppyfry_spider_mini_2
Spider:3: nicolae_spider_hilbert_zone_4 [nicolae_spider_hilbert_4_sides_2_open,
          nicolae_spider_hilbert_4_sides_1_open,
          nicolae_spider_hilbert_4_sides_1_open,
          nicolae_spider_hilbert_4_sides_1_open,
          nicolae_spider_hilbert_4_sides_1_open,
          nicolae_spider_hilbert_2_sides_1_open,
          nicolae_spider_hilbert_2_sides_1_open,
          nicolae_spider_hilbert_2_sides_1_open,
          nicolae_spider_hilbert_2_sides_1_open,
          nicolae_spider_hilbert_6_sides_1_open,
          nicolae_spider_hilbert_6_sides_1_open,
          nicolae_spider_hilbert_3_sides_1_open,
          nicolae_spider_hilbert_3_sides_1_open], uniq_arachne
Spider:4: spider_rune_water, einodemon_crawler_minivault, uniq_bai_suzhen,
          uniq_aizul, uniq_mara
Orc:1:    layout_caves, uniq_erolcha
Orc:2:    st_orc_rangers, layout_diamond_mine

Skill      XL: |  1  2  3  4  5  6  7  8  9 10 11 12 13 14 15 16 17 |
---------------+----------------------------------------------------+-----
Fighting       | 2 3 4 5 6 12 | 12.9
Throwing       | 3 |  3.0
Spellcasting   | 2 3 4 5 6 7 8 9 10 11 | 11.1
Hexes          | 4 5 |  5.0
Shields        | 2 3 5 6 7 8 11 12 | 12.6
Evocations     | 2 3 5 6 |  6.4
Short Blades   | 1 3 4 5 |  5.0
Fire Magic     | 1 3 5 |  5.7
Conjurations   | 1 3 5 7 9 11 12 | 12.2
Earth Magic    | 1 3 5 |  5.7
Ice Magic      | 4 6 8 |  8.6
Air Magic      | 4 6 8 |  8.8
Dodging        | |  2.0

Action                   |  1- 3 |  4- 6 |  7- 9 | 10-12 | 13-15 | 16-18 || total
-------------------------+-------+-------+-------+-------+-------+-------++-------
Melee: Unarmed           |    12 |       |       |       |       |       ||    12
       Tentacles         |    27 |    38 |    91 |   161 |     6 |     2 ||   325
       Constrict         |    30 |    39 |    44 |    71 |     2 |     4 ||   190
       Dagger            |    96 |   186 |   377 |    73 |       |       ||   732
       Short sword       |       |       |       |   556 |    33 |    18 ||   607
Throw: Javelin           |     6 |    12 |    19 |     2 |       |       ||    39
       Throwing net      |     1 |     1 |       |       |       |       ||     2
       Boomerang         |       |       |    10 |    55 |       |       ||    65
       Dart              |       |       |       |     1 |       |       ||     1
 Cast: Slow              |       |    19 |    96 |   184 |    86 |     9 ||   394
       Cause Fear        |       |       |     1 |    22 |     4 |    27 ||    54
       Bolt of Magma     |       |       |       |    84 |   269 |   338 ||   691
       Freezing Cloud    |       |       |       |       |    45 |   121 ||   166
       Airstrike         |       |       |       |       |    11 |     9 ||    20
Invok: Curse Item        |       |       |     1 |     5 |     2 |     3 ||    11
       Shatter the Chain |       |       |       |       |     1 |       ||     1
Evoke: Wand              |       |       |     7 |    17 |     5 |     8 ||    37
       Box of beasts     |       |       |       |     1 |       |     2 ||     3
  Use: Scroll            |     2 |     7 |     3 |       |     4 |     4 ||    20
       Potion            |       |     3 |     2 |     3 |     1 |     1 ||    10
 Stab: Sleeping          |     9 |     2 |     5 |     6 |       |     1 ||    23
       Distracted        |       |     1 |       |       |       |       ||     1
       Held in net/web   |       |     1 |       |       |       |       ||     1
       Paralysed         |       |       |       |    10 |     3 |     5 ||    18
Armor: Skin              |    16 |    27 |    78 |    43 |    11 |    19 ||   194
Dodge: Dodged            |    61 |    80 |   181 |   272 |    67 |   194 ||   855
Block: Buckler           |       |       |       |    97 |    22 |       ||   119
       Kite shield       |       |       |       |       |     8 |   215 ||   223
